 Dungeon Crawl Stone Soup version 0.22.0-27-ga576289601 (webtiles) character file.

107 Flugkiller the Firebug (level 4, 0/24 HPs)
             Began as a Deep Elf Fire Elementalist on Aug 22, 2018.
             Killed from afar by Terence (5 damage)
             ... with a wand of flame (34)
             ... on level 3 of the Dungeon.
             The game lasted 00:02:31 (2895 turns).

Flugkiller the Firebug (Deep Elf Fire Elementalist) Turns: 2895, Time: 00:02:32

Health: 0/24       AC:  2    Str:  5    XL:     4   Next: 57%
Magic:  9/12       EV: 13    Int: 21    God:
Gold:   162        SH:  0    Dex: 15    Spells: 3/11 levels left

rFire    . . .     SeeInvis .   h - +1 whip (venom)
rCold    . . .     Gourm    .   (no shield)
rNeg     . . .     Faith    .   a - +0 robe
rPois    .         Spirit   .   (no helmet)
rElec    .         Reflect  .   (no cloak)
rCorr    .         Harm     .   (no gloves)
MR       .....                  (no boots)
Stlth    ++........             (no amulet)
HPRegen  0.08/turn              (no ring)
MPRegen  0.13/turn              (no ring)

@: no status effects
A: no striking features
a: no special abilities


You were on level 3 of the Dungeon.
You were not hungry.

You visited 1 branch of the dungeon, and saw 3 of its levels.

You collected 162 gold pieces.

Inventory:

Hand Weapons
 f - a +0 short sword
 h - a +1 whip of venom (weapon)
Armour
 a - a +0 robe (worn)
Jewellery
 b - an uncursed ring of flight {unknown}
 s - an uncursed ring of see invisible {unknown}
 w - an uncursed ring of protection from magic {unknown}
 x - an uncursed ring of stealth {unknown}
Scrolls
 d - 5 scrolls of identify {unknown}
 i - 2 scrolls of fear {unknown}
 j - a scroll of fog {unknown}
 m - a scroll of random uselessness {unknown}
 p - a scroll of immolation {unknown}
 q - a scroll of noise {unknown}
 r - 2 scrolls of teleportation {unknown}
 t - a scroll of amnesia {unknown}
 u - a scroll of enchant armour {unknown}
 v - 2 scrolls of enchant weapon {unknown}
Potions
 e - a potion of mutation {unknown}
 g - 2 potions of might {unknown}
 k - 4 potions of curing {unknown}
 l - a potion of agility {unknown}
 n - a potion of degeneration {unknown}
 o - a potion of heal wounds {unknown}
 A - a potion of resistance {unknown}
Comestibles
 c - 5 rations
 z - 2 chunks of flesh


   Skills:
 - Level 2.4 Dodging
 - Level 2.4 Stealth
 + Level 4.0 Spellcasting
 * Level 3.1 Conjurations
 * Level 4.4 Fire Magic


You had 3 spell levels left.
You knew the following spells:

 Your Spells              Type           Power        Failure   Level  Hunger
a - Flame Tongue          Conj/Fire      ###..        2%          1    None
c - Conjure Flame         Conj/Fire      ###.....     8%          3    ###....
d - Sticky Flame          Conj/Fire      ###.....     24%         4    ####...

Your spell library contained the following spells:

 Spells                   Type           Power        Failure   Level  Hunger
 Throw Flame              Conj/Fire      ###...       3%          2    #......
 Inner Flame              Hex/Fire       ##......     14%         3    ###....
 Fireball                 Conj/Fire      ###.......   56%         5    ######.


Dungeon Overview and Level Annotations

Branches:
Dungeon (3/15)

Altars:
Trog
Yredelemnul

Annotations:
D:3 Terence


Message History

It is a wand of flame (35).
Casting: Flame Tongue (safe; 2% risk of failure)
Confirm with . or Enter, or press ? or * to list all spells.
Aiming: Flame Tongue (safe; 2% risk of failure)
Press: ? - help, Shift-Dir - straight line, f/p - Terence
Aim: Terence, wielding a morningstar, wearing a scale mail and carrying a wand of flame (35) (lightly wounded)
The flame tongue hits Terence.
Terence is moderately wounded.
Casting: Flame Tongue (safe; 2% risk of failure)
Confirm with . or Enter, or press ? or * to list all spells.
Aiming: Flame Tongue (safe; 2% risk of failure)
Press: ? - help, Shift-Dir - straight line, f/p - Terence
Aim: Terence, wielding a morningstar, wearing a scale mail and carrying a wand of flame (35) (moderately wounded)
The flame tongue misses Terence.
Terence hits you with a morningstar!
* * * LOW HITPOINT WARNING * * *
Unknown command.
Terence bares his teeth.
Terence zaps a wand.
The puff of flame misses you.
Terence zaps a wand.
The puff of flame hits you!
You die...

...###.#####.# #.......#
.............### #.#####.#
....##.#####...####.#####.####
#.#.##.# ##..................#
#....#.###.......#..#.###.##.####
...)...##...........#.###.##.....
##...####.................#######
#.>)####..........##.#####
#...#...#......@#.##.######
#...#.#...................#
##...#.#.##......#.#.......#
.......#....##.@.#.#.......#
....#######.##.............######
..... #....###..#.#.......##....
##.. #(.#.###....#.......##.##.
#.. #..............()...##.#.#
#.. #...#######.##.......###.##.


You could see Terence.

Vanquished Creatures
  An adder (D:2)
  2 oozes (D:2)
  2 worms (D:2)
  A dart slug (D:3)
  4 leopard geckos
  6 orcs (D:3)
  9 bats
  8 hobgoblins
  8 kobolds
  A quokka (D:2)
  2 ball pythons
  5 frilled lizards
  12 goblins
  4 rats
65 creatures vanquished.

Notes
Turn   | Place    | Note
-------+----------+-------------------------------------------
     0 | D:1      | Flugkiller the Deep Elf Fire Elementalist began the quest for the Orb.
     0 | D:1      | Reached XP level 1. HP: 10/10 MP: 6/6
   293 | D:1      | Reached XP level 2. HP: 15/15 MP: 6/8
   722 | D:1      | Reached XP level 3. HP: 18/19 MP: 8/10
  1550 | D:2      | Learned a level 3 spell: Conjure Flame
  1681 | D:2      | Reached XP level 4. HP: 24/24 MP: 1/11
  1790 | D:2      | Found a basalt altar of Yredelemnul.
  2216 | D:2      | Found a bloodstained altar of Trog.
  2249 | D:3      | Learned a level 4 spell: Sticky Flame
  2886 | D:3      | Noticed Terence
  2895 | D:3      | Killed from afar by Terence

Skill      XL: |  1  2  3  4 |
---------------+-------------+-----
Conjurations   | 2 3 |  3.1
Fire Magic     | 4 |  4.4
Spellcasting   | 4 |  4.0
Dodging        | |  2.4
Stealth        | |  2.4

Action                   |  1- 3 |  4- 6 || total
-------------------------+-------+-------++-------
Melee: Unarmed           |     1 |       ||     1
       Whip              |    12 |     2 ||    14
 Cast: Flame Tongue      |    65 |    41 ||   106
       Conjure Flame     |       |     1 ||     1
  Eat: Chunk             |     2 |     4 ||     6
Armor: Robe              |     9 |     4 ||    13
Dodge: Dodged            |    38 |    12 ||    50
